 Dungeon Crawl Stone Soup version 0.20-a0-927-g1ae2c61 (webtiles) character file.

27 MirrMurr the Skirmisher (level 3, -3/24 HPs)
             Began as a Gargoyle Berserker on Mar 29, 2017.
             Was a Believer of Trog.
             Slain by Sigmund
             ... wielding a +7 scythe of flaming
              (4 damage)
             ... on level 2 of the Dungeon.
             The game lasted 00:03:09 (776 turns).

MirrMurr the Skirmisher (Gargoyle Berserker)         Turns: 776, Time: 00:03:09

Health: -3/24      AC:  6    Str: 20    XL:     3   Next: 10%
Magic:  3/3        EV: 11    Int:  7    God:    Trog [**....]
Gold:   77         SH:  0    Dex: 10    Spells: 2/2 levels left

rFire    . . .     SeeInvis .   a - +0 mace
rCold    . . .     Gourm    .   (no shield)
rNeg     + . .     Faith    .   l - +0 leather armour
rPois    ∞         Spirit   .   (no helmet)
rElec    +         Reflect  .   (no cloak)
rCorr    .         Harm     .   (no gloves)
MR       .....                  (no boots)
Stlth    +.........             (no amulet)
Regen    0.1/turn               (no ring)
MPRegen  0.1/turn               (no ring)

@: no status effects
A: negative energy resistance 1, electricity resistance, unbreathing,
petrification resistance, rot immunity, AC +3
a: Berserk, Trog's Hand, Burn Spellbooks, Renounce Religion


You were on level 2 of the Dungeon.
You worshipped Trog.
Trog was pleased with you.
You were not hungry.

You visited 1 branch of the dungeon, and saw 2 of its levels.

You collected 77 gold pieces.

Inventory:

Hand Weapons
 a - a +0 mace (weapon)
 p - a +0 blowgun
Missiles
 e - 3 stones (quivered)
 k - 13 poisoned needles
Armour
 l - a +0 leather armour (worn)
Wands
 m - a wand of enslavement (6/24)
Scrolls
 f - a scroll of amnesia {unknown}
 o - a scroll of identify {unknown}
Potions
 d - a potion of berserk rage {unknown}
 g - a potion of heal wounds
 i - a potion of degeneration {unknown}
 n - a potion of brilliance {unknown}
Comestibles
 b - 9 chunks of flesh
 c - a bread ration
 h - a royal jelly


   Skills:
 + Level 3.9 Fighting
 * Level 3.6 Maces & Flails
 - Level 2.1 Armour
 - Level 1.5 Dodging


You had 2 spell levels left.
You didn't know any spells.

Dungeon Overview and Level Annotations

Branches:
Dungeon (2/15)

Altars:

Annotations:
D:2 Sigmund


Innate Abilities, Weirdness & Mutations

You are resistant to torment.
Your stone body is resilient. (AC +3)
You are immune to poison.
You resist negative energy. (rN+)
You are resistant to electric shocks. (rElec)
You can survive without breathing.
You are immune to petrification.
You are immune to rotting.


Message History

You are too confused!
Sigmund struggles against the net.
The net rips apart, and Sigmund comes free!
Sigmund hits you from afar with a scythe of flaming!
Sigmund burns you.
* * * LOW HITPOINT WARNING * * *
It was a potion of heal wounds.
You feel much better. Sigmund barely misses you.
You feel less confused.
Some of the chunks of flesh in your inventory have rotted away.
Sigmund closely misses you.
Sigmund gestures wildly while chanting.
Sigmund flickers and vanishes!
Deactivating autopickup; reactivate with Ctrl-A.
Unknown command.
You sock something! Something hits you! Something burns you.
You closely miss something. Something hits you!
* * * LOW HITPOINT WARNING * * *
Something burns you.
You die...

.....# #......#
#.......# # .....#
#......# #.......# #
.....#
#......########### #
.....#
#......#........# #
...###
#......#$.......# #
...# .........(....# #
...# ..............# #
...# .......{......# #
####.@......##########
#..................
#..................
#.........#########
#######.#.# ......
#........# ######
#........# #
#........# #
#........# #


There were no monsters in sight!

Vanquished Creatures
  A dart slug (D:1)
  3 giant cockroaches
  4 goblins
  2 hobgoblins
  A bat (D:1)
  4 frilled lizards
  4 kobolds (D:1)
  5 rats
24 creatures vanquished.

Notes
Turn   | Place    | Note
-------+----------+-------------------------------------------
     0 | D:1      | MirrMurr the Gargoyle Berserker began the quest for the Orb.
     0 | D:1      | Reached XP level 1. HP: 14/14 MP: 1/1
   150 | D:1      | Reached XP level 2. HP: 15/19 MP: 2/2
   607 | D:2      | Reached ** piety under Trog
   670 | D:2      | Reached XP level 3. HP: 18/24 MP: 3/3
   759 | D:2      | Noticed Sigmund
   776 | D:2      | HP: 1/24 [something (9)]
   776 | D:2      | Slain by Sigmund

Vault maps used:
D:1:      lemuel_arrival_broad_hall
D:2:      uniq_natasha, uniq_sigmund

Action                   || total
-------------------------++-------
Melee: Mace              ||    85
Throw: Stone             ||     5
       Throwing net      ||     1
  Use: Potion            ||     1
Armor: Animal skin       ||    22
       Leather armour    ||    16
Dodge: Dodged            ||    56
